 Dungeon Crawl Stone Soup version 0.30.0-29-ga12c61a403 (webtiles) character file.

Game seed: 6426428916168752483

767 qw the Chopper (level 7, -4/44 HPs)
             Began as a Gargoyle Fighter on June 4, 2023.
             Was a Follower of Okawaru.
             Slain by a gnoll
             ... wielding a +0 halberd
              (9 damage)
             ... on level 5 of the Dungeon.
             The game lasted 00:02:03 (3909 turns).

qw the Chopper (Gargoyle Fighter)                   Turns: 3909, Time: 00:02:04

Health: -4/44      AC: 17    Str: 22    XL:     7   Next: 82%
Magic:  7/7        EV:  6    Int:  8    God:    Okawaru [*.....]
Gold:   88         SH:  4    Dex:  9    Spells: 6/6 levels left

rFire   . . .        Y - +1 war axe
rCold   . . .        c - +0 buckler
rNeg    + . .        f - +0 plate armour
rPois   inf          (no helmet)
rElec   +            (no cloak)
rCorr   .            m - +0 pair of gloves
SInv    .            (no boots)
Will    .....        (no amulet) Stlth
                     (no ring)
HPRegen 0.27/turn    (no ring)
MPRegen 0.10/turn

%: no passive effects
@: no status effects
A: sickness immunity, AC +4, negative energy resistance 1, electricity
resistance, torment resistance 1, petrification resistance, mutation resistance
1
a: Renounce Religion, Heroism


You were on level 5 of the Dungeon.
You worshipped Okawaru.
Okawaru was aware of your devotion.
You visited 2 branches of the dungeon, and saw 6 of its levels.

You collected 218 gold pieces.
You spent 130 gold pieces at shops.


Innate Abilities, Weirdness & Mutations

You are immune to sickness and miasma.
Your stone body is resilient. (AC +4)
You are immune to poison.
You resist negative energy. (rN+)
You are resistant to electric shocks. (rElec)
You are resistant to unholy torment.
You are immune to petrification.
You are somewhat resistant to further mutation.


   Skills:
 + Level 4.7 Fighting
 - Level 7.1 Axes
 - Level 4.1 Armour
 - Level 3.2 Shields


You had 6 spell levels left.
You didn't know any spells.
Your spell library was empty.

Inventory:

Hand Weapons
 a - a +0 flail
 Y - a +1 war axe (weapon)
Armour
 c - a +0 buckler (worn)
 f - a +0 plate armour (worn)
 m - a +0 pair of gloves (worn)
Scrolls
 g - a scroll of enchant armour {unknown}
 i - a scroll of identify
 n - a scroll of noise {unknown}
Potions
 d - 2 potions of might
 e - a potion of lignification
 h - a potion of mutation
 j - a potion of curing {unknown}
 k - a potion of invisibility {unknown}
 l - a potion of haste

Dungeon Overview and Level Annotations

Branches:
Dungeon (5/15)             Temple (1/1) D:5

Altars:
Gozag
Hepliaklqana
Kikubaaqudgha
Makhleb
Okawaru
Qazlal
Ru
Trog
Uskayaw
Wu Jian
Xom
Yredelemnul
Zin

Shops:
D:5 [

Annotations:
D:3 2 transporters


Message History

You slash the gnoll!
You kill the gnoll!
Okawaru accepts your kill.
You closely miss the ufetubus. You miss the adder.
The ufetubus hits you but does no damage. x2
The adder bites you. The gnoll barely misses you. x2
You block the ufetubus's attack. The ufetubus closely misses you.
The scorpion stings you but does no damage.
You block the adder's attack.
You closely miss the scorpion.
The scorpion is almost dead.
You barely miss the ufetubus. You hit the adder.
You kill the adder!
Okawaru accepts your kill. You block the ufetubus's attack.
The ufetubus hits you but does no damage.
The scorpion stings you but does no damage.
The gnoll hits you but does no damage. You block the gnoll's attack.
The ufetubus hits you but does no damage.
The ufetubus hits you.
The scorpion stings you but does no damage.
You barely miss the scorpion.
The scorpion is almost dead.
You hit the ufetubus.
The ufetubus hits you but does no damage. x2
The gnoll hits you but does no damage.
The gnoll hits you from afar with a +0 spear.
The scorpion stings you but does no damage.
The ufetubus hits you but does no damage. x2
The gnoll hits you but does no damage. The gnoll closely misses you.
You slash the scorpion!
You kill the scorpion!
Okawaru accepts your kill.
You can now gain great but temporary skills.
You closely miss the ufetubus. The ufetubus barely misses you.
The ufetubus hits you but does no damage.
The gnoll hits you but does no damage.
The gnoll hits you from afar with a +0 halberd!
You die...

#.#.#..##.##. .....
.###......# ..(..#.#
..#...#)..# #....#.#..
.....#....#####.#.......
#.>.#####....##....(....
.....#....##............
..#...#...##......#.....
.###....#.###...)..#....
#.# #.....# #..(@)......
..#...###.# #..)5%......
..#.... ..##....gg......
#.... ..................
.. ...........#.... ...
................
...#.>.....##.#.
...#.......# .


You could see 2 gnolls and an ufetubus.

Vanquished Creatures
  2 ogres (D:5)
  A phantom (D:5)
  A kobold brigand (D:3)
  3 scorpions
  Dowan (D:5)
  3 hounds
  An iguana (D:4)
  7 adders
  A gnoll (D:5)
  A white imp (D:4)
  3 worms
  6 dart slugs
  8 orcs
  5 ball pythons
  4 bats
  6 endoplasms
  6 giant cockroaches
  2 goblins
  11 hobgoblins
  5 jackals (D:2)
  8 kobolds
  3 quokkas
  A frilled lizard (D:1)
  4 rats
  A spectral orc (D:3)
94 creatures vanquished.

Notes
Turn   | Place    | Note
-------+----------+-------------------------------------------
     0 | D:1      | qw the Gargoyle Fighter began the quest for the Orb.
     0 | D:1      | Reached XP level 1. HP: 14/14 MP: 1/1
     0 | D:1      | 0 ||| qw: Version: 0.2-a-107-g4668610
     0 | D:1      | 0 ||| qw: Game counter: 1320
     0 | D:1      | 0 ||| qw: Always use a shield: true
     0 | D:1      | 0 ||| qw: God list: Okawaru
     0 | D:1      | 0 ||| qw: Allow faded altars: false
     0 | D:1      | 0 ||| qw: Do Orc after D:15 true
     0 | D:1      | 0 ||| qw: Do second Lair branch before Depths: true
     0 | D:1      | 0 ||| qw: Lair rune preference: random
     0 | D:1      | 0 ||| qw: Plans: Normal, Zot:1-4, Slime:5, God:TSO, Crypt,
                  | Tomb, Abyss, Pan, Hells, Win
     0 | D:1      | 0 ||| PLANNING D:1-11
    65 | D:1      | 65 ||| Stepping ~*~*~tactically~*~*~ (stealth).
    76 | D:1      | Reached skill level 2 in Axes
    79 | D:1      | HP: 3/14 [kobold/+0 short sword (3)]
    80 | D:1      | HP: 1/14 [constriction (1)]
   167 | D:1      | Reached XP level 2. HP: 19/19 MP: 2/2
   775 | D:1      | Reached skill level 3 in Axes
   892 | D:1      | 892 ||| UPGRADING to +0 plate armour.
   902 | D:1      | 902 ||| DROPPING +0 scale mail.
   903 | D:1      | 903 ||| DRINKING 2 grey potions.
   904 | D:1      | 904 ||| DROPPING potion of degeneration.
   965 | D:2      | Reached XP level 3. HP: 23/23 MP: 3/3
   980 | D:2      | 980 ||| Stepping ~*~*~tactically~*~*~ (stealth).
   985 | D:2      | 985 ||| Stepping ~*~*~tactically~*~*~ (hiding).
  1423 | D:2      | Reached XP level 4. HP: 25/28 MP: 4/4
  1679 | D:2      | 1679 ||| READING scroll labelled LYSMUL YROH.
  1680 | D:2      | 1680 ||| READING scroll labelled GUCHUA DEMIELI.
  1681 | D:2      | 1681 ||| DRINKING 2 bubbling green potions.
  1686 | D:2      | 1686 ||| DROPPING potion of ambrosia.
  1709 | D:3      | 1709 ||| DROPPING +0 whip.
  1736 | D:3      | Reached skill level 4 in Axes
  1869 | D:3      | 1869 ||| Stepping ~*~*~tactically~*~*~ (stealth).
  1870 | D:3      | 1870 ||| Stepping ~*~*~tactically~*~*~ (stealth).
  1871 | D:3      | 1871 ||| Stepping ~*~*~tactically~*~*~ (stealth).
  2026 | D:3      | Noticed a scorpion
  2047 | D:3      | Killed a scorpion
  2048 | D:3      | Reached skill level 5 in Axes
  2048 | D:3      | Reached XP level 5. HP: 29/32 MP: 5/5
  2078 | D:3      | 2078 ||| FLEEEEING.
  2157 | D:3      | Found a transporter.
  2157 | D:3      | Found a transporter.
  2217 | D:3      | Identified the +0 trident "Spiderbane" {pain, rF+ rC+
                  | Int+4}
  2283 | D:3      | Found a basalt altar of Yredelemnul.
  2406 | D:3      | Found a hazy altar of Hepliaklqana.
  2406 | D:3      | Noticed a kobold brigand
  2407 | D:3      | Found a faded altar of an unknown god.
  2417 | D:3      | Killed a kobold brigand
  2418 | D:3      | Reached XP level 6. HP: 16/39 MP: 6/6
  2563 | D:3      | 2563 ||| DRINKING 2 fuming inky potions.
  2657 | D:4      | 2657 ||| Stepping ~*~*~tactically~*~*~ (hiding).
  3528 | D:4      | 3528 ||| DRINKING 2 fuming golden potions.
  3528 | D:4      | Gained mutation: You are somewhat resistant to further
                  | mutation. [potion of mutation]
  3529 | D:4      | 3529 ||| DRINKING 2 bubbling inky potions.
  3530 | D:4      | 3530 ||| READING 2 scrolls of identify.
  3530 | D:4      | 3530 ||| IDENTIFYING inky potion
  3546 | D:5      | Entered Level 5 of the Dungeon
  3551 | D:5      | Found Roerust's Antique Armour Shop.
  3573 | D:5      | Noticed Dowan
  3574 | D:5      | 3574 ||| Stepping ~*~*~tactically~*~*~ (hiding).
  3579 | D:5      | Reached skill level 6 in Axes
  3579 | D:5      | Reached XP level 7. HP: 27/44 MP: 7/7
  3589 | D:5      | Killed Dowan
  3628 | D:5      | 3628 ||| Stepping ~*~*~tactically~*~*~ (stealth).
  3629 | D:5      | 3629 ||| Stepping ~*~*~tactically~*~*~ (stealth).
  3632 | D:5      | 3632 ||| Stepping ~*~*~tactically~*~*~ (stealth).
  3634 | D:5      | 3634 ||| Stepping ~*~*~tactically~*~*~ (stealth).
  3649 | D:5      | 3649 ||| SHOPLISTING brightly glowing plate armour (812
                  | gold, have 169).
  3649 | D:5      | 3649 ||| SHOPLISTING encrusted orb (406 gold, have 169).
  3649 | D:5      | 3649 ||| BUYING pair of gloves (130 gold).
  3649 | D:5      | Bought a pair of gloves for 130 gold pieces
  3649 | D:5      | 3649 ||| SHOPLISTING shiny kite shield (217 gold, have 39).
  3676 | D:5      | Found a staircase to the Ecumenical Temple.
  3677 | D:5      | 3677 ||| PLANNING TEMPLE
  3677 | D:5      | 3677 ||| UPGRADING to +0 pair of gloves.
  3682 | D:5      | 3682 ||| READING scroll labelled NUITEUWNI.
  3683 | D:5      | 3683 ||| READING 2 scrolls of identify.
  3683 | D:5      | 3683 ||| IDENTIFYING emerald potion
  3684 | D:5      | 3684 ||| DROPPING potion of berserk rage.
  3691 | Temple   | Entered the Ecumenical Temple
  3725 | Temple   | 3725 ||| PLANNING OKAWARU WORSHIP
  3789 | Temple   | Became a worshipper of Warmaster Okawaru
  3789 | Temple   | 3789 ||| PLANNING D:1-11
  3837 | D:5      | 3837 ||| Stepping ~*~*~tactically~*~*~ (stealth).
  3840 | D:5      | 3840 ||| Stepping ~*~*~tactically~*~*~ (stealth).
  3862 | D:5      | 3862 ||| Stepping ~*~*~tactically~*~*~ (stealth).
  3869 | D:5      | 3869 ||| Stepping ~*~*~tactically~*~*~ (stealth).
  3884 | D:5      | 3884 ||| Stepping ~*~*~tactically~*~*~ (stealth).
  3900 | D:5      | Reached skill level 7 in Axes
  3903 | D:5      | HP: 9/44 [gnoll/+0 halberd (5)]
  3904 | D:5      | 3904 ||| DRINKING potion of heal wounds.
  3908 | D:5      | HP: 5/44 [gnoll/+0 spear (4)]
  3909 | D:5      | Reached * piety under Okawaru
  3909 | D:5      | Slain by a gnoll

Levels and vault maps discovered:
D:1:      sevenhm_arrival_forest_fort_large_2, layout_basic, serial_forest,
          infiniplex_forest_zigzag_1, infiniplex_forest_lined_2,
          infiniplex_forest_corner_1, infiniplex_forest_lined_3,
          infiniplex_forest_clump_double, infiniplex_forest_lined_3_way,
          infiniplex_forest_split
D:2:      wander_river, layout_basic, minivault_26
D:3:      layout_rooms, yredelemnul_forgotten_temple_becter,
          beargit_hepliaklqana_dungeon_heroes, gammafunk_ghost_gnarly_gnolls
D:4:      layout_cave_pods, minmay_splitting_lines, minmay_door_square
D:5:      layout_rooms, minmay_temple_entry_arrows, serial_shops, shop_coins,
          sigmund_army, uniq_duvessa
Temple:   jpeg_temple_clearing

Skill      XL: |  1  2  3  4  5  6  7 |
---------------+----------------------+-----
Axes           | 2 3 5 6 7 |  7.1
Fighting       | 4 |  4.7
Armour         | 4 |  4.1
Shields        | |  3.2

Action                     |  1- 3 |  4- 6 |  7- 9 || total
---------------------------+-------+-------+-------++-------
  Melee: War axe           |   104 |   164 |    42 ||   310
    Use: Potion            |     1 |     4 |     1 ||     6
         Scroll            |       |     3 |     2 ||     5
 Armour: Scale mail        |    36 |       |       ||    36
         Plate armour      |    25 |    97 |    88 ||   210
  Dodge: Dodged            |    41 |    40 |    31 ||   112
  Block: Buckler           |    15 |    29 |    16 ||    60

Table legend:
 A = Non-vault XP
 B = Vault XP
 C = Vault XP percentage of total XP
 D = Non-vault monster count
 E = Vault monster count
 F = Vault count percentage of total count
                 A         B        C        D         E       F
            +---------+---------+-------+---------+---------+-------
      Total |    1009 |     168 |  14.3 |      91 |       3 |   3.2
            +---------+---------+-------+---------+---------+-------
        D:1 |      31 |       0 |   0.0 |      18 |       0 |   0.0
        D:2 |      65 |       0 |   0.0 |      25 |       0 |   0.0
        D:3 |     158 |     101 |  39.0 |      19 |       2 |   9.5
        D:4 |     188 |       0 |   0.0 |      18 |       0 |   0.0
        D:5 |     567 |      67 |  10.6 |      11 |       1 |   8.3
            +---------+---------+-------+---------+---------+-------
